 Dungeon Crawl Stone Soup version 0.32-a0-128-g77eb882913 (webtiles) character file.

Game seed: 14594473587234433027

225349 Nattfarinn the Skinwalker (level 19, 0/270 HPs)
             Began as a Naga Shapeshifter on Feb 8, 2024.
             Was the Champion of Hepliaklqana.
             Shot with an arrow by a naga sharpshooter (9 damage)
             ... on level 4 of the Snake Pit.
             The game lasted 01:31:21 (45326 turns).

Nattfarinn the Skinwalker (Naga Shapeshifter)      Turns: 45326, Time: 01:31:22

Health: 0/270      AC: 15    Str: 44    XL:     19   Next: 32%
Magic:  19/19      EV:  7    Int: 12    God:    Hepliaklqana [******]
Gold:   3034       SH:  0    Dex: 11    Spells: 18/18 levels left

rFire   + + +        l - melded +6 short sword "Liowkibb" {heavy, Int+5 SInv}
rCold   x . .        (shield currently unavailable)
rNeg    . . .        M - melded +1 troll leather armour
rPois   +            (helmet currently unavailable)
rElec   .            t - melded +2 cloak
rCorr   .            (gloves currently unavailable)
SInv    +            h - melded +4 barding
Will    ++...        X - amulet of regeneration
Stlth   +            o - +6 ring of strength
HPRegen 1.45/turn    F - ring of Hydwaeqyist {Wiz rF+ Str+5}
MPRegen 0.16/turn

%: clarity, wizardry (x1)
@: dragon-form, flying, slowed, studying Armour, very slow
A: dragon claw, dragon scales, breathe fire, flying, boosted hp, reduced
essence, AC +6, giant, see invisible, (deformed body), (poison resistance),
(slowness 2), spit poison 1, (naga tail 2), clarity, (heat vulnerability 1)
}: 1/15 runes: barnacled
a: Spit Poison, Breathe Fire, Begin Untransformation, Renounce Religion, Recall
Ancestor, Ancestor Identity, Transference, Idealise


You were on level 4 of the Snake Pit.
You worshipped Hepliaklqana.
Hepliaklqana was exalted by your worship.
You were a fearsome dragon!
You visited 5 branches of the dungeon, and saw 30 of its levels.
You also visited: Sewer and Ossuary.

You collected 3100 gold pieces.
You spent 66 gold pieces at shops.

Inventory:

Hand Weapons
 l - the +6 short sword "Liowkibb" (melded) {heavy, Int+5 SInv}
   (You found it on level 2 of the Dungeon)

   Int+5:     It affects your intelligence (+5).
   SInv:      It lets you see invisible.
Missiles
 c - a throwing net
Armour
 h - a +4 barding (melded)
 t - a +2 cloak (melded)
 M - a +1 troll leather armour (melded)
Magical Staves
 w - the staff of Nyvopoxt {*Corrode Will++ Stlth+ Earth Alchemy}
   (You took it off a naga mage on level 4 of the Snake Pit)

   [staff of earth]

   Base accuracy: +5 Base damage: 5 Base attack delay: 1.2 This weapon's minimum
   attack delay (0.6) is reached at skill level 12.
   Will++:    It greatly increases your willpower.
   *Corrode:  It may corrode you when you take damage.
   Stlth+:    It makes you more stealthy.
   Earth:     It increases the power of your Earth spells.
   Alchemy:   It increases the power of your Alchemy spells.
   It falls into the 'Staves' category.
   It is a one-handed weapon.
Jewellery
 d - an amulet of reflection
 n - an amulet of faith
 o - a +6 ring of strength (left foreclaw)
 y - a ring of fire
 F - the ring of Hydwaeqyist (right foreclaw) {Wiz rF+ Str+5}
   (You took it off a gnoll on level 6 of the Dungeon)

   [ring of wizardry]

   Wiz:       It improves your spell success rate.
   Str+5:     It affects your strength (+5).
   rF+:       It protects you from fire.
 X - an amulet of regeneration (around neck)
Talismans
 r - the blade talisman of the Grinning Gods {rC+ rN+ Int+4 Dex-2}
   (You found it on level 3 of the Shoals)

   [blade talisman]

   Int+4:     It affects your intelligence (+4).
   Dex-2:     It affects your dexterity (-2).
   rC+:       It protects you from cold.
   rN+:       It protects you from negative energy.
 L - the serpent talisman of Hepliaklqana's Whim {rF+ Dex+3}
   (You took it off Aizul on level 2 of the Snake Pit)

   [serpent talisman]

   Dex+3:     It affects your dexterity (+3).
   rF+:       It protects you from fire.
 W - a dragon-blood talisman (active)
Wands
 g - a wand of acid (14)
 u - a wand of flame (36)
 H - a wand of polymorph (6)
 N - a wand of charming (20)
 P - a wand of digging (17)
 R - a wand of mindburst (17)
 V - a wand of iceblast (7)
Scrolls
 a - 2 scrolls of poison
 b - 3 scrolls of enchant weapon
 p - 7 scrolls of teleportation
 s - 4 scrolls of enchant armour
 x - 4 scrolls of revelation
 E - 2 scrolls of fog
 I - 7 scrolls of amnesia
 J - 4 scrolls of immolation
 K - 5 scrolls of brand weapon
 O - 8 scrolls of noise
 Q - 2 scrolls of silence
 Y - 3 scrolls of vulnerability
Potions
 e - 2 potions of brilliance
 f - a potion of berserk rage
 i - 6 potions of curing
 j - 6 potions of resistance
 k - 6 potions of haste
 m - a potion of heal wounds
 q - 7 potions of enlightenment
 v - 3 potions of mutation
 z - a potion of ambrosia
 A - 4 potions of magic
 B - a potion of cancellation
 C - 2 potions of invisibility
 D - a potion of might
 G - a potion of attraction
 S - a potion of lignification


   Skills:
 - Level 19.8 Fighting
 - Level 7.0 Armour
 - Level 1.5 Dodging
 - Level 16.0 Unarmed Combat
 + Level 21.1 Shapeshifting


You had 18 spell levels left.
You didn't know any spells.
Your spell library contained the following spells:

 Spells                   Type           Power      Damage    Failure   Level
 Apportation              Tloc           0%         N/A       13%         1
 Kiss of Death            Conj/Necr      0%         2d5       13%         1
 Magic Dart               Conj           0%         1d3       13%         1
 Slow                     Hex            0%         N/A       13%         1
 Blink                    Tloc           0%         N/A       21%         2
 Call Imp                 Summ           0%         N/A       21%         2
 Ensorcelled Hibernation  Hex/Ice        0%         N/A       21%         2
 Jinxbite                 Hex            0%         N/A       21%         2
 Sublimation of Blood     Necr           0%         N/A       21%         2
 Confusing Touch          Hex            0%         N/A       36%         3
 Dazzling Flash           Conj/Hex       0%         N/A       36%         3
 Frozen Ramparts          Ice            0%         1d1       36%         3
 Fugue of the Fallen      Necr           0%         N/A       36%         3
 Ozocubu's Armour         Ice            0%         N/A       36%         3
 Passwall                 Erth           0%         N/A       36%         3
 Sigil of Binding         Hex            0%         N/A       36%         3
 Swiftness                Air            0%         N/A       36%         3
 Tukima's Dance           Hex            0%         N/A       36%         3
 Vampiric Draining        Necr           0%         2d6       36%         3
 Volatile Blastmotes      Fire/Tloc      0%         2d10      36%         3
 Anguish                  Hex/Necr       0%         N/A       75%         4
 Cause Fear               Hex            0%         N/A       75%         4
 Dispel Undead            Necr           0%         3d6       75%         4
 Leda's Liquefaction      Alch/Erth      0%         N/A       75%         4
 Manifold Assault         Tloc           0%         N/A       75%         4
 Passage of Golubria      Tloc           0%         N/A       75%         4
 Petrify                  Alch/Erth      0%         N/A       75%         4
 Vhi's Electric Charge    Tloc/Air       0%         N/A       75%         4
 Arcjolt                  Conj/Air       0%         1d10      97%         5
 Irradiate                Conj/Alch      0%         3d11      97%         5
 Metabolic Englaciation   Hex/Ice        0%         N/A       97%         5
 Yara's Violent Unravell  Hex/Alch       0%         3d3       97%         5
 Sculpt Simulacrum        Ice/Alch       0%         N/A       100%        6
 Starburst                Conj/Fire      0%         6d3       100%        6
 Enfeeble                 Hex            0%         N/A       100%        7
 Ozocubu's Refrigeration  Ice            0%         4d7       100%        7
 Maxwell's Capacitive Co  Air            0%         ∞         100%        8
 Polar Vortex             Ice            0%         N/A       100%        9


Dungeon Overview and Level Annotations

Branches:
Dungeon (15/15)            Temple (0/1) D:4            Lair (5/5) D:8
 Shoals (4/4) Lair:2        Snake (4/4) Lair:2        Slime (0/5) Lair:5
    Orc (2/2) D:10            Elf (0/3) Orc:2        Vaults (0/5) D:14
 Depths (0/4) D:15          Sewer (visited)         Ossuary (visited)

Altars:
Ashenzari
Dithmenos
Elyvilon
Gozag
Hepliaklqana
Makhleb
Nemelex Xobeh
Sif Muna
Trog
Vehumet
Wu Jian
Yredelemnul
Zin
The Shining One

Shops:
D:2 (   D:11 (   D:13 ?   Orc:2 =[![   Shoals:1 **   Snake:3 *   Snake:4 =

Portals:
Hell: Lair:5
Abyss: Lair:5

Annotations:
Lair:4 exclusion: oklob plant
Lair:5 2 transporters, exclusion: 3 oklob plants, Asughet's ghost, journeyman FoFi


Innate Abilities, Weirdness & Mutations

You are a fearsome dragon!
You have a powerful clawing attack.
Your giant scaled body is strong and resilient, but less evasive.
You can breathe fire.
You are flying.
Your maximum health is greatly increased.
Your armour is entirely melded.
You are incapable of wielding weapons or throwing items.
Your life essence is reduced to manifest your ancestor. (-10% HP)
((Your serpentine skin is tough. (AC +6)))
You have supernaturally acute eyesight. (SInv)
((Armour fits poorly on your strangely shaped body.))
((Your system is resistant to poisons. (rPois)))
((You cover ground very slowly.))
You can spit poison.
((You can use your snake-like lower body to constrict enemies.))
You possess an exceptional clarity of mind.
((You are vulnerable to heat. (rF-)))


Message History

The bolt hits the naga sharpshooter!
The naga warrior spits poison at you. The splash of poison misses you.
The naga sharpshooter casts a spell.
The naga sharpshooter magically shoots a bolt.
The bolt barely misses you.
The naga sharpshooter shoots a bolt.
The bolt hits you!!
* * * LOW HITPOINT WARNING * * *
The naga sharpshooter shoots a bolt.
The bolt hits you but does no damage.
The naga sharpshooter unwields a +1 hand axe of electrocution.
It stops crackling.
The naga sharpshooter wields a +0 longbow.
The naga sharpshooter gestures wildly while chanting.
The naga sharpshooter magically shoots an arrow.
The arrow closely misses you.
The naga sharpshooter shoots a bolt.
The bolt hits you!
* * * LOW HITPOINT WARNING * * *
Unknown command.
Unknown command.
As you read the scroll of fog, it dissolves into smoke.
The naga sharpshooter gestures wildly while chanting.
The naga sharpshooter magically shoots a bolt.
The bolt barely misses you.
The naga sharpshooter shoots an arrow.
The arrow hits you!!
* * * LOW HITPOINT WARNING * * *
The naga sharpshooter mumbles some strange words.
The naga sharpshooter magically shoots a bolt.
The bolt hits you!
* * * LOW HITPOINT WARNING * * *
The naga sharpshooter gestures wildly while chanting.
The naga sharpshooter magically shoots an arrow.
The arrow hits you!!
* * * LOW HITPOINT WARNING * * *
The naga sharpshooter casts a spell.
The naga sharpshooter magically shoots a bolt.
The bolt hits you.
* * * LOW HITPOINT WARNING * * *
The naga sharpshooter shoots an arrow.
The arrow hits you!
You die...
Hepliaklqana delivers you to your ancestors.

############......##
#..## #)N.....# ##..##
#NN.....##
#.#..#######..#.....##
##..........).##.....#
##....§.....####....###
#..§§§..§..# ##....#.
##.§§§§§§..## ##.....
##..§DR§§...## ##...#
##...#####....####...##
#...## #..N.........#
#######..##
#.........##..
##.#.....##
#.......#####.
##..#......# #.......#
## #<..#......##
#.......# #
###..÷[..##...#
#.......# #
#...#..#####..#
#.......#


You could see the friendly Mirko the knight (fast, reflecting) and 3 naga
sharpshooters.

Vanquished Creatures
  3 krakens
  Agnes (Snake:4)
  4 nagarajas
  The ghost of Henwain the Stormcaller, a journeyman DgAE (Shoals:2)
  5 merfolk impalers
  5 merfolk javelineers (Shoals:4)
  An entropy weaver (shapeshifter) (D:14)
  3 vault guards (D:14)
  4 salamander tyrants (Snake:4)
  6 hydras
  3 merfolk avatars
  4 boulder beetles
  6 anacondas
  2 death knights (D:15)
  An ironbound frostheart (D:14)
  4 merfolk aquamancers (Shoals:4)
  11 centaur warriors
  2 two-headed ogres
  A catoblepas (Lair:4)
  3 satyrs (Shoals:3)
  An alligator snapping turtle (Shoals:4)
  A deep troll earth mage (D:15)
  12 death yaks
  An occultist (Lair:5)
  12 naga warriors
  A tengu warrior (D:13)
  3 orc high priests (Orc:2)
  5 shock serpents
  11 naga sharpshooters
  4 skysharks
  A sixfirhy (Lair:5)
  10 skeletal warriors
  7 salamander mystics
  6 sea snakes
  3 mana vipers
  5 naga ritualists
  The ghost of paavali the Martial Artist, a novice OpSh (D:6)
  3 orc knights
  22 harpies
  6 deep elf zephyrmancers (Orc:2)
  A phantasmal warrior (D:15)
  6 deep elf pyromancers
  A harpy (shapeshifter) (D:15)
  3 orc sorcerers (Orc:2)
  6 cyclopes
  5 manticores
  11 ugly things
  9 fauns
  9 kobold blastminers
  12 merfolk sirens
  21 salamanders
  36 black mambas
  21 elephants
  A meliai (D:15)
  5 guardian serpents
  A black mamba (shapeshifter) (D:13)
  6 orange demons
  17 naga magi
  6 water nymphs
  2 gargoyles
  10 cane toads
  2 cane toads (shapeshifter) (D:13)
  2 efreet
  3 unseen horrors
  5 rime drakes
  An ice devil (Lair:5)
  11 komodo dragons
  A freezing wraith (D:15)
  A kobold demonologist (D:11)
  27 merfolk
  2 red devils
  2 polar bears
  12 trolls
  4 wind drakes
  2 hornets
  A polar bear (shapeshifter) (D:13)
  2 blink frogs (Lair:2)
  5 dream sheep
  8 snapping turtles
  43 yaks
  Sigmund (D:2)
  A shadow (D:11)
  3 vampires
  6 wraiths
  15 water elementals
  3 wyverns
  7 basilisks
  3 wargs
  4 humans (D:14)
  2 steam dragons
  2 vampire mosquitoes (D:13)
  33 nagas
  4 hell hounds (Lair:5)
  22 orc warriors
  8 water moccasins
  Pargi (Sewer)
  A black bear (shapeshifter) (D:13)
  2 black bears (Lair:1)
  An ice beast (D:6)
  4 boggarts (D:14)
  5 ogres
  4 centaurs
  The ghost of Luihuable the Slasher, an amateur OpCK of Xom (D:3)
  10 wolves
  A phantom (D:5)
  3 lemures (D:5)
  3 kobold brigands
  A scorpion (D:5)
  8 bullfrogs
  2 gnoll sergeants (D:6)
  2 wights (D:6)
  10 killer bees
  2 electric eels (Lair:2)
  5 howler monkeys
  A quasit (D:7)
  A gnoll bouda (D:6)
  A hound (D:4)
  22 orc priests
  2 jellies
  4 iguanas
  A scorpion zombie (D:3)
  17 orc wizards
  4 hell rats (Lair:5)
  A statue (D:10)
  A hound zombie (D:3)
  8 mummies (Ossuary)
  17 gnolls
  2 river rats (D:8)
  5 adders
  2 ufetubi (D:5)
  An adder zombie (D:3)
  2 adder skeletons (D:3)
  2 ribbon worms (D:3)
  3 dart slugs
  54 orcs
  6 ball pythons
  14 endoplasms
  A giant cockroach (D:1)
  6 hobgoblins
  13 jackals
  15 kobolds
  6 quokkas
  5 bats
  4 frilled lizards
  A gnoll zombie (Ossuary)
  7 goblins
  5 goblin skeletons (D:7)
  2 hobgoblin zombies (Ossuary)
  3 kobold zombies (Ossuary)
  An orc skeleton (D:7)
  3 orc zombies
  8 rats
  2 tentacles (Shoals:4)
941 creatures vanquished.

Vanquished Creatures (collateral kills)
  Vashnia (Snake:4)
  A nagaraja (Snake:3)
  Aizul (Snake:2)
  A merfolk impaler (Shoals:3)
  A centaur warrior (D:15)
  A two-headed ogre (D:6)
  2 death yaks
  2 naga sharpshooters (Snake:4)
  An orc high priest (Orc:2)
  A sea snake (Shoals:3)
  A skeletal warrior (D:14)
  Pikel (D:5)
  2 harpies
  2 deep elf pyromancers
  An ugly thing (D:15)
  2 manticores
  A salamander (Snake:4)
  An elephant (Lair:4)
  A meliai (shapeshifter) (D:14)
  3 black mambas
  A guardian serpent (Snake:1)
  A water nymph (Shoals:2)
  A merfolk siren (Shoals:2)
  2 cane toads
  2 naga magi
  Maggie (Lair:1)
  2 orange demons (D:15)
  Jeremiah (D:9)
  A komodo dragon (Lair:4)
  2 red devils
  Grinder (D:4)
  2 merfolk
  A blink frog (Lair:2)
  A snapping turtle (Shoals:1)
  8 dream sheep
  10 yaks
  A basilisk (D:9)
  5 nagas
  A water moccasin (Lair:2)
  3 orc warriors
  A black bear (D:6)
  2 wolves
  4 centaurs
  A lemure (D:5)
  2 bullfrogs
  A gnoll sergeant (D:11)
  3 wights (D:6)
  5 killer bees
  A hound (D:5)
  A gnoll bouda (D:7)
  9 orc priests
  11 orc wizards
  4 gnolls
  2 adders (D:6)
  A shadow imp (D:5)
  A ribbon worm (D:4)
  14 orcs
  A hobgoblin (D:3)
  7 kobolds
  2 quokkas
  A goblin zombie (D:7)
  A hobgoblin zombie (D:7)
  A kobold zombie (D:7)
  A tentacle (Shoals:4)
151 creatures vanquished.

Vanquished Creatures (others)
  2 naga sharpshooters (Snake:4)
  An orc priest (Orc:2)
  17 knights
  An orc wizard (Orc:2)
  An orc (D:6)
  17 tentacles
39 creatures vanquished.

Grand Total: 1131 creatures vanquished

Notes
Turn   | Place    | Note
-------+----------+-------------------------------------------
     0 | D:1      | Nattfarinn the Naga Shapeshifter began the quest for the
                  | Orb.
     0 | D:1      | Reached XP level 1. HP: 18/18 MP: 1/1
   303 | D:1      | Reached XP level 2. HP: 19/25 MP: 2/2
   599 | D:1      | Reached XP level 3. HP: 31/31 MP: 3/3
   621 | D:1      | Reached skill level 4 in Shapeshifting
  1345 | D:2      | Found Ihuext's Weapon Emporium.
  1455 | D:2      | Reached XP level 4. HP: 36/38 MP: 4/4
  1484 | D:2      | Noticed Sigmund
  1668 | D:2      | Killed Sigmund
  1669 | D:2      | Reached skill level 6 in Shapeshifting
  1669 | D:2      | Reached XP level 5. HP: 27/44 MP: 5/5
  1750 | D:2      | Reached XP level 6. HP: 49/51 MP: 6/6
  1754 | D:2      | Identified the +6 short sword "Liowkibb" {heavy, Int+5
                  | SInv}
  1785 | D:2      | Found a faded altar of an unknown god.
  2139 | D:3      | Found a runed translucent gate.
  2139 | D:3      | Found a runed translucent gate.
  2180 | D:3      | Found a runed translucent gate.
  2181 | D:3      | Found an opulent altar of Gozag.
  2182 | D:3      | Noticed Luihuable's ghost (amateur OpCK)
  2185 | D:3      | Found a bloodstained altar of Trog.
  2565 | D:3      | Reached skill level 7 in Shapeshifting
  2565 | D:3      | Reached XP level 7. HP: 8/57 MP: 7/7
  2784 | D:3      | Found a glowing silver altar of Zin.
  2996 | D:3      | Found a hazy altar of Hepliaklqana.
  3065 | D:3      | Became a worshipper of Hepliaklqana the Forgotten
  3465 | D:4      | Found a staircase to the Ecumenical Temple.
  3597 | D:4      | Found a sand-covered staircase.
  3613 | Ossuary  | Entered an ossuary
  3644 | Ossuary  | Reached skill level 8 in Shapeshifting
  4305 | D:4      | Reached * piety under Hepliaklqana
  4314 | D:4      | Found a sparkling altar of Nemelex Xobeh.
  4320 | D:4      | Found an opulent altar of Gozag.
  4323 | D:4      | Found a white marble altar of Elyvilon.
  4736 | D:4      | Noticed Grinder
  4742 | D:4      | Paralysed by Grinder for 2 turns
  4744 | D:4      | Killed Grinder
  4745 | D:4      | Reached skill level 9 in Shapeshifting
  4745 | D:4      | Reached XP level 8. HP: 48/57 MP: 6/8
  4852 | D:5      | Entered Level 5 of the Dungeon
  5507 | D:5      | Reached ** piety under Hepliaklqana
  5508 | D:5      | Remembered your ancestor Mirko as a knight
  5511 | D:5      | Noticed Pikel
  5540 | D:5      | Killed Pikel
  5541 | D:5      | Reached skill level 5 in Fighting
  5836 | D:6      | Reached XP level 9. HP: 69/72 MP: 9/9
  5924 | D:6      | Reached skill level 5 in Unarmed Combat
  6061 | D:6      | Noticed a two-headed ogre
  6079 | D:6      | Killed a two-headed ogre
  6122 | D:6      | Identified the +5 trident of the Vine {heavy, *Noise rElec
                  | rC+}
  6169 | D:6      | Found a glowing drain.
  6177 | Sewer    | Entered a sewer
  6237 | Sewer    | Noticed Pargi
  6242 | Sewer    | Killed Pargi
  6402 | D:6      | Noticed paavali's ghost (novice OpSh)
  6404 | D:6      | Identified the ring of Hydwaeqyist {Wiz rF+ Str+5}
  6439 | D:6      | Reached XP level 10. HP: 88/88 MP: 10/10
  6460 | D:6      | Identified the +0 buckler of Ravioli {rN+ Str+3 Dex-4}
  6549 | D:6      | Found a transporter.
  6608 | D:6      | Found a transporter.
  6786 | D:7      | Found a glowing golden altar of the Shining One.
  6891 | D:7      | You fall into a shaft and drop 3 floors!
  6891 | D:10     | Entered Level 10 of the Dungeon
  7054 | D:10     | Noticed an unseen horror
  7060 | D:10     | Killed an unseen horror
  7211 | D:10     | Found a radiant altar of Vehumet.
  7213 | D:10     | Found an ornate altar of the Wu Jian Council.
  7214 | D:10     | Found a staircase to the Orcish Mines.
  7228 | D:10     | Reached skill level 10 in Fighting
  7490 | D:9      | Noticed Jeremiah
  7504 | D:9      | HP: 4/90 [Jeremiah/+2 trident of draining (2)]
  7504 | D:9      | HP: 1/90 [centaur (3)]
  7795 | D:9      | Killed Jeremiah
  7827 | D:9      | Noticed a two-headed ogre
  7836 | D:9      | Killed a two-headed ogre
  7837 | D:9      | Reached XP level 11. HP: 57/99 MP: 8/11
  8386 | D:8      | Reached *** piety under Hepliaklqana
  8583 | D:8      | Noticed a death yak
  8583 | D:8      | Noticed a death yak
  8585 | D:8      | Noticed a death yak
  8590 | D:8      | Killed a death yak
  8917 | D:7      | Found a basalt altar of Yredelemnul.
  9560 | D:7      | Identified the +7 long sword of Hath {pain, rElec rCorr
                  | MP-9}
  9702 | D:7      | Killed a death yak
  9830 | D:8      | Killed a death yak
 10018 | D:8      | Found a staircase to the Lair.
 10302 | D:9      | Found a broken altar of Ashenzari.
 10506 | D:9      | Reached skill level 10 in Shapeshifting
 10695 | D:9      | Found a shadowy altar of Dithmenos.
 11037 | D:10     | Reached **** piety under Hepliaklqana
 11041 | D:10     | Paralysed by a hornet for 2 turns
 11199 | D:11     | Found Rudil's Weapon Emporium.
 11421 | D:11     | Reached skill level 10 in Unarmed Combat
 11638 | D:11     | Noticed a sun demon
 11654 | D:11     | Noticed a sixfirhy
 12219 | D:11     | Reached XP level 12. HP: 109/109 MP: 12/12
 12285 | D:11     | Found a shimmering blue altar of Sif Muna.
 12444 | Lair:1   | Entered Level 1 of the Lair of Beasts
 12509 | Lair:1   | Reached skill level 11 in Shapeshifting
 12914 | Lair:1   | Noticed Maggie
 12920 | Lair:1   | Killed Maggie
 13865 | Lair:2   | Reached skill level 12 in Shapeshifting
 14122 | Lair:2   | Identified the +3 leather armour of Batogotz {+Blink MP+9}
 14174 | Lair:2   | Noticed a boulder beetle
 14183 | Lair:2   | Killed a boulder beetle
 14489 | Lair:2   | Found a staircase to the Snake Pit.
 15035 | Lair:2   | Found a staircase to the Shoals.
 15588 | Lair:3   | Reached ***** piety under Hepliaklqana
 15698 | Lair:3   | Reached skill level 13 in Shapeshifting
 15777 | Lair:3   | Gained mutation: You can use your snake-like lower body to
                  | constrict enemies. [Naga growth]
 15777 | Lair:3   | Reached XP level 13. HP: 73/115 MP: 9/13
 16920 | Lair:4   | Reached skill level 14 in Shapeshifting
 18236 | Lair:5   | Entered Level 5 of the Lair of Beasts
 18360 | Lair:5   | Reached skill level 15 in Shapeshifting
 18403 | Lair:3   | Reached XP level 14. HP: 53/122 MP: 7/14
 18909 | Lair:5   | Found a transporter.
 19003 | Lair:5   | Reached skill level 16 in Shapeshifting
 19021 | Lair:5   | Noticed Asughet's ghost (journeyman FoFi)
 19638 | Lair:5   | Found a one-way gate to the infinite horrors of the Abyss.
 19638 | Lair:5   | Found a transporter.
 19813 | Lair:5   | Found a burning altar of Makhleb.
 19819 | Lair:5   | Found a gateway to Hell.
 19924 | Lair:5   | Found a staircase to the Slime Pits.
 20412 | D:12     | Reached skill level 17 in Shapeshifting
 20829 | D:13     | Found Qimiewas's Magic Scroll Shoppe.
 20833 | D:13     | Bought a scroll of identify for 30 gold pieces
 20937 | D:13     | Reached XP level 15. HP: 129/129 MP: 15/15
 21422 | D:13     | Reached skill level 15 in Unarmed Combat
 22657 | D:14     | Reached skill level 18 in Shapeshifting
 22758 | D:14     | Identified the +8 rapier "Xiurar" {freeze, Fly Int+3 Dex+4}
 23349 | D:14     | Found a gate to the Vaults.
 23547 | D:15     | Entered Level 15 of the Dungeon
 23916 | D:15     | Identified the +1 scimitar "Atefed" {freeze, *Corrode Fly
                  | Will+}
 24318 | D:15     | Reached XP level 16. HP: 86/136 MP: 12/16
 25052 | D:15     | Reached skill level 19 in Shapeshifting
 25663 | D:15     | Found a staircase to the Depths.
 26010 | Orc:1    | Entered Level 1 of the Orcish Mines
 26558 | Orc:2    | Entered Level 2 of the Orcish Mines
 26558 | Orc:2    | Found a staircase to the Elven Halls.
 28596 | Orc:2    | Reached skill level 20 in Shapeshifting
 28982 | Orc:2    | Found Fujokk's Antique Armour Shop.
 28982 | Orc:2    | Found Lolepp's Armour Boutique.
 28983 | Orc:2    | Found Ebysuyg's Distillery.
 28987 | Orc:2    | Found Binneuf's Jewellery Shop.
 30165 | D:6      | Killed paavali's ghost
 30424 | D:3      | Killed Luihuable's ghost
 30709 | D:11     | Got Sif Muna's Cyclopedia of Distance
 31086 | Snake:1  | Entered Level 1 of the Snake Pit
 31161 | Snake:1  | Reached skill level 1 in Armour
 31812 | Snake:1  | Reached ****** piety under Hepliaklqana
 31844 | Snake:1  | Reached skill level 5 in Armour
 33019 | Snake:2  | Reached XP level 17. HP: 143/143 MP: 15/17
 33795 | Snake:2  | Identified the serpent talisman of Hepliaklqana's Whim {rF+
                  | Dex+3}
 33795 | Snake:2  | Noticed Aizul
 33802 | Snake:2  | Killed Aizul
 35953 | Snake:3  | Reached skill level 15 in Fighting
 36513 | Snake:3  | Found Caro Qou's Globular Garage.
 36732 | Snake:4  | Entered Level 4 of the Snake Pit
 37063 | Shoals:1 | Entered Level 1 of the Shoals
 37286 | Shoals:1 | Found Qefiffel's General Store.
 37291 | Shoals:1 | Found Soirowuyba's Specific Store.
 37322 | Shoals:1 | Bought a scroll of identify for 36 gold pieces
 37376 | Shoals:1 | Identified the +1 ring mail of the Demon Prince {rElec rF++
                  | Int+3 Stlth-}
 37838 | Shoals:1 | Identified the +0 leather armour of Ignis's Esteem {rF-
                  | Str+4}
 38587 | Shoals:2 | Found a runed translucent gate.
 38592 | Shoals:2 | Reached XP level 18. HP: 164/164 MP: 16/18
 38593 | Shoals:2 | Found a runed translucent gate.
 38613 | Shoals:2 | Found a runed translucent gate.
 38614 | Shoals:2 | Noticed Henwain's ghost (journeyman DgAE)
 39741 | Shoals:2 | Killed Henwain's ghost
 40842 | Shoals:3 | Identified the blade talisman of the Grinning Gods {rC+ rN+
                  | Int+4 Dex-2}
 41141 | Shoals:3 | Gained mutation: You are vulnerable to heat. (rF-) [potion
                  | of mutation]
 41141 | Shoals:3 | Gained mutation: You possess an exceptional clarity of
                  | mind. [potion of mutation]
 41388 | Shoals:4 | Entered Level 4 of the Shoals
 42145 | Shoals:4 | Got a barnacled rune of Zot
 42979 | Shoals:4 | Identified the staff "Kucupaic" {rF+ Dex+5 Fire}
 43939 | Snake:4  | Found Loybb's Jewellery Emporium.
 43957 | Snake:4  | Reached XP level 19. HP: 180/180 MP: 19/19
 44111 | Snake:4  | Noticed Agnes
 44117 | Snake:4  | Killed Agnes
 44297 | Snake:4  | Noticed Vashnia
 44317 | Snake:4  | Killed Vashnia
 44820 | Snake:4  | Identified the staff of Nyvopoxt {*Corrode Will++ Stlth+
                  | Earth Alchemy}
 45166 | Snake:4  | Reached skill level 21 in Shapeshifting
 45326 | Snake:4  | HP: 9/270 [naga sharpshooter/bolt (5)]
 45326 | Snake:4  | Shot with an arrow by a naga sharpshooter

Illustrated notes

Levels and vault maps discovered:
D:1:      ncdulo_lavacross, layout_loops_corners
D:2:      layout_basic, hellmonk_ecumenical_altar_lost_god, serial_shops, shop,
          minivault_5, minmay_misc_feat_tiny, uniq_sigmund
D:3:      layout_rooms, trog_book, zin_scriptorium,
          nicolae_hepliaklqana_hippocampus, serial_undead, serial_undead_d,
          serial_undead_f, serial_undead_f, serial_undead_f, ebering_ghost_gozag
D:4:      layout_basic, minitemple, minmay_temple_entry_mist,
          lightli_ossuary_entry_decrepit_ruins, uniq_grinder
D:5:      layout_loops_ring, hangedman_decor_peaks_small, uniq_pikel
D:6:      layout_rooms, lightli_sewer_entry_pipes, gammafunk_ghost_gnarly_gnolls
D:7:      layout_loops_corners, kennysheep_mini, nicolae_tso_besieged_by_evil
D:8:      layout_basic, dpeg_lair_monsters
D:9:      layout_rooms, cheibrodos_ashenzari_chains,
          nicolae_dithmenos_shadow_blocks, uniq_jeremiah
D:10:     layout_roguey, vehumet_statue, nzn_wu_jian_council_hall, orc_0_dummy
D:11:     layout_rooms, serial_shops, nicolae_shop_rolling_square, led_sif_book
D:12:     layout_roguey, minmay_misc_feat_five
D:13:     minmay_box_of_statues, layout_basic, serial_shops,
          nicolae_shop_waterfront
D:14:     layout_loops_ring, hellmonk_vaults_keyhole
D:15:     hellmonk_depths_entry_around_the_bend, layout_cave_pools, serial_park,
          serial_park_square2, serial_park_square1
          [serial_park_minivault_5x5_2], serial_park_square3
          [serial_park_minivault_5x5_8], serial_park_tiny_pond,
          minmay_beelzebubs_servants
Lair:1:   layout_regular_city, uniq_maggie
Lair:2:   layout_loops_ring, minmay_shoals_entry_hut,
          guppyfry_snake_entry_garden, cheibrodos_lair_reptile_den,
          serial_bayou_shore_a
Lair:3:   layout_chaotic_city, infiniplex_staircase_pool, grunt_megastairs_5
Lair:4:   layout_misc_corridors, minmay_hedge_maze, minivault_27
Lair:5:   evil_forest, layout_cave_shapes, minmay_slime_entry_oklob_enclosed,
          gammafunk_ghost_abyssal_escape
Shoals:1: layout_shoals, nicolae_specific_store
Shoals:2: layout_shoals, ebering_ghost_rock_garden
Shoals:3: layout_shoals, nicolae_shoals_songs
Shoals:4: shoals_end_hangedman, layout_shoals
Snake:1:  kennysheep_six_static_rooms, layout_cave_pods
Snake:2:  layout_grid_maze, uniq_aizul
Snake:3:  layout_grid_shapes, special_room, st_stairs_3, tekkud_shop_of_orbs
Snake:4:  snake_pit, layout_layer_cave, serial_shops, nicolae_shop_stone,
          grunt_megastairs_3, uniq_agnes, uniq_vashnia
Orc:1:    layout_caves
Orc:2:    st_orc_mages, layout_caves, basic_altar, elves_outpost_lemuel

Skill      XL: |  1  2  3  4  5  6  7  8  9 10 11 12 13 14 15 16 17 18 19 |
---------------+----------------------------------------------------------+-----
Shapeshifting  | 4 6 7 9 10 13 15 17 18 20 21 | 21.1
Fighting       | 5 8 11 12 16 19 | 19.8
Unarmed Combat | 4 6 8 10 11 13 14 15 16 | 16.0
Armour         | 7 |  7.0
Dodging        | |  1.5

Action                     |  1- 3 |  4- 6 |  7- 9 | 10-12 | 13-15 | 16-18 | 19-21 || total
---------------------------+-------+-------+-------+-------+-------+-------+-------++-------
  Melee: Unarmed           |    13 |       |   158 |   622 |   512 |   796 |    86 ||  2187
         Dagger            |    83 |    32 |    79 |       |       |       |       ||   194
         Punch             |     7 |     6 |    15 |     1 |    60 |    64 |    12 ||   165
         Short sword       |       |    82 |    79 |     5 |       |       |       ||   166
         Constrict         |       |       |       |       |   106 |       |       ||   106
         Tailslap          |       |       |       |       |       |    95 |     7 ||   102
         Bite              |       |       |       |       |       |    84 |    14 ||    98
 Invoke: Ancestor Life: Kn |       |       |     1 |       |       |       |       ||     1
         Recall Ancestor   |       |       |       |     5 |     4 |     1 |     1 ||    11
Ability: Spit Poison       |     9 |       |       |     1 |       |       |     1 ||    11
         Breathe Fire      |       |       |       |       |       |     4 |       ||     4
    Use: Potion            |       |     2 |     1 |     2 |     1 |    17 |     3 ||    26
         Scroll            |       |       |     7 |     3 |    23 |     6 |     3 ||    42
   Stab: Sleeping          |       |     1 |       |       |       |       |       ||     1
         Distracted        |       |       |       |     4 |     3 |       |     1 ||     8
 Armour: Animal skin       |    74 |   130 |   166 |    16 |   130 |       |       ||   516
         Skin              |       |    82 |   141 |   543 |       |   998 |   141 ||  1905
         Troll leather arm |       |       |       |       |   640 |    13 |       ||   653
  Dodge: Dodged            |    33 |    77 |   153 |   390 |   186 |   274 |    36 ||  1149
         Form:             |     1 |       |       |       |       |       |       ||     1
         Beast             |     1 |       |       |       |       |       |       ||     1
         Flux              |       |       |     1 |       |       |       |       ||     1
         Blade             |       |       |       |     1 |       |       |       ||     1
         Dragon            |       |       |       |       |       |     2 |       ||     2

Table legend: (Time is in decaauts)
 A = Elapsed time spent in this place.
 B = Non-inter-level travel time spent in this place.
 C = Inter-level travel time spent in this place.
 D = Time resting spent in this place.
 E = Time spent auto-exploring this place.
 F = Levels seen in this place.
 G = Mean time per level.
                   A        B        C        D        E       F      G
               +--------+--------+--------+--------+--------+-----+--------+
         Total |  50206 |  47235 |   2971 |  10230 |  29831 |  32 | 1568.9 |
       Dungeon |  22858 |  21003 |   1855 |   3019 |  14628 |  15 | 1523.9 |
          Lair |   9136 |   8683 |    453 |   1793 |   5576 |   5 | 1827.2 |
        Shoals |   6258 |   6026 |    232 |   1446 |   3719 |   4 | 1564.5 |
     Snake Pit |   7702 |   7382 |    320 |   1886 |   4462 |   4 | 1925.5 |
  Orcish Mines |   3583 |   3475 |    108 |   1856 |   1201 |   2 | 1791.5 |
         Sewer |    148 |    148 |      0 |      0 |    107 |   1 |  148.0 |
       Ossuary |    519 |    519 |      0 |    229 |    137 |   1 |  519.0 |
               +--------+--------+--------+--------+--------+-----+--------+

Top non-repeatable levels by time:
   Orc:1: 2594 daAuts
  Lair:2: 2435 daAuts
    D:14: 2316 daAuts
    D:13: 2270 daAuts
    D:10: 2202 daAuts
 Snake:3: 2183 daAuts
 Snake:1: 2027 daAuts
 Snake:2: 2007 daAuts
  Lair:3: 1879 daAuts
Shoals:3: 1759 daAuts
     D:7: 1735 daAuts
  Lair:5: 1672 daAuts
  Lair:4: 1659 daAuts
     D:3: 1556 daAuts
Shoals:4: 1541 daAuts
